 Dungeon Crawl Stone Soup version 0.14.2 (webtiles) character file.

37435 DaftWullie the Tortoise (level 13, -3/87 HPs)
             Began as a Minotaur Berserker on Dec 18, 2014.
             Was a High Priest of Trog.
             Slain by a sun demon (13 damage)
             ... on Level 1 of the Abyss on Dec 19, 2014.
             The game lasted 03:32:42 (16200 turns).

DaftWullie the Tortoise (Minotaur Berserker)       Turns: 16200, Time: 03:32:42

HP  -3/87        AC 10     Str 19      XL: 13   Next: 51%
MP   2/2         EV 12     Int 10      God: Trog [*****.]
Gold 1268        SH  0     Dex  8 (9)  Spells:  0 memorised, 12 levels left

rFire  . . .     SeeInvis .     a - +4,+5 great mace (antimagic)
rCold  . . .     Rnd*Rage +     u - +2 ring mail
rNeg   . . .     Conserve .     (no shield)
rPois  .         rCorr    .     s - +0 hat {Int+3}
rElec  .         rRot     .     (no cloak)
SustAb . .       Spirit   .     (no gloves)
rMut   .         Warding  .     N - +1 pair of boots
Saprov . . .     Rnd*Tele +     J - amulet of faith
MR     .....                    t - +2 ring of intelligence
                                c - ring of sustenance

@: burdened, non-regenerating, slow, not resistant to hostile enchantments,
extremely unstealthy
A: retaliatory headbutt, horns 2, berserk 3, blurry vision 3, clumsy 2, deformed
body, deterioration 3, fast metabolism 3, frail 3, low mp 3, slow healing 3,
teleportitis 1, weak 2
a: Burn Spellbooks, Berserk, Trog's Hand, Brothers in Arms, Renounce Religion


You were on level 1 of the Abyss.
You worshipped Trog.
Trog was extremely pleased with you.
You were encumbered.
You were hungry.

You visited 2 branches of the dungeon, and saw 16 of its levels.
You visited the Abyss 1 time.
You also visited: Ice Cave.

You collected 1268 gold pieces.

Inventory:

Hand weapons
 a - a +4,+5 anti-magic great mace (weapon)
 d - a +0,+6 dire flail of draining
 k - a +3,+4 scimitar of flaming
 n - a -1,+0 mace
 w - a +4,+1 great sword of distortion
 D - a +5,+1 glaive of freezing
 R - a +0,+9 anti-magic demon whip
 Z - a +0,+4 claymore of distortion
Missiles
 j - 19 poisoned needles
 r - 2 curare-tipped needles
 G - 4 poisoned darts (quivered)
 Q - 35 darts of frost
Armour
 o - a +0 pair of boots
 s - a +0 hat of intelligence (worn)
 u - a +2 ring mail (worn)
 v - a +0 scale mail
 E - a +0 animal skin of cold resistance
 K - a +2 robe of cold resistance
 L - a cursed +0 shield
 N - a +1 pair of boots (worn)
 P - a +1 shield of protection
 S - a +0 plate armour
 X - a +0 plate armour
Magical devices
 e - a wand of paralysis (15)
 l - a wand of flame (15) {unknown}
 p - a wand of random effects (10)
 q - a wand of random effects (7)
 C - a wand of lightning (6)
 H - a wand of random effects (8)
 V - a wand of cold (12)
Comestibles
 Y - a rotting chunk of giant gecko flesh
Scrolls
 b - a scroll of enchant weapon II {unknown}
 f - a scroll of fog {unknown}
 h - 2 scrolls of enchant weapon I
 i - a scroll of enchant armour {unknown}
 y - 3 scrolls of fear
 M - a scroll of blinking
 O - a scroll of random uselessness {unknown}
 W - 6 scrolls of identify
Jewellery
 c - a ring of sustenance (left hand)
 t - a +2 ring of intelligence (right hand)
 A - an uncursed ring of ice
 F - an uncursed ring of ice
 I - an uncursed ring of ice
 J - an amulet of faith (around neck)
 U - an uncursed ring of protection from magic
Potions
 m - 6 potions of curing
 x - 2 potions of restore abilities {unknown}
 z - a potion of might {unknown}
 B - 2 potions of flight {unknown}


   Skills:
 * Level 14.8 Fighting
 - Level 12.0 Maces & Flails
 + Level 15.5 Armour
 * Level 10.4 Dodging
 + Level 3.8 Stealth
 + Level 3.4 Evocations


You had 12 spell levels left.
You didn't know any spells.

Dungeon Overview and Level Annotations

Branches:
Dungeon (11/15)            Temple (0/1) D:7            Lair (5/8) D:9
 Shoals (0/5) Lair:3
    Orc: D:9-12       Swamp: Lair:3-6     Snake: Lair:3-6    Spider: Lair:3-6

Altars:
Ashenzari
Fedhas
Makhleb
Sif Muna
Vehumet
Xom
Yredelemnul
Zin

Annotations:
D:11 Nessos


Innate Abilities, Weirdness & Mutations

You reflexively headbutt those who attack you in melee.
You have a pair of horns on your head.
[You have an uncontrollable temper.]
[Your vision is extremely blurry.]
[You are very clumsy. (Dex -4)]
[Armour fits poorly on your strangely shaped body.]
[Your body is rapidly deteriorating.]
[Your metabolism is lightning-fast.]
[You are extremely frail (-30% HP).]
[Your magical capacity is extremely low (-30% MP).]
[You do not heal naturally.]
[Space occasionally distorts in your vicinity.]
[You are very weak. (Str -4)]


Message History

The orb of energy misses you. The quasit barely misses you.
You furiously retaliate!
You headbutt the quasit.
The quasit claws you but does no damage. x2
The wretched star pulses with an eldritch light!
Your vision blurs.
You feel your body start to fall apart.
A smoke demon comes into view.
The smoke demon roars!
The smoke demon hits you but does no damage.
The smoke demon closely misses you.
The smoke demon hits you but does no damage.
The smoke demon hits you. The smoke demon closely misses you.
The smoke demon hits you.
The sun demon shouts!
The quasit closely misses you. x2
The quasit claws you.
You feel clumsy. The sun demon hits you!
* * * LOW HITPOINT WARNING * * *
You are engulfed in flames!
You die...

≈≈♣≈≈≈≈≈≈≈ ≈♣≈≈ ≈≈
≈≈≈≈≈≈ ≈≈≈≈≈≈≈≈≈ ..≈≈
#≈≈≈≈≈≈≈≈≈ ≈≈. #.#≈##
≈≈≈≈≈≈≈≈.#♣≈≈ ≈...##
#.≈*...... ≈ .
....####*.#.....##. #..
#.#.#5....#*#..#..#
###..#.#35######... #
.#
#......@.#..#.##.X#####
#.#..##.3#..##.. .5.
.#. # ...#.##.... .#.#.
. #.......#.###.W .. #.
#......##.#. # .#..#.
##....## ## # . .##. .
##.#.# #..#... . #...#
# .. ####. ... #### #.#


You could see a wretched star, a sun demon, a smoke demon and 2 quasits.

Vanquished Creatures
  2 hydras (Lair:5)
  A death yak (IceCv)
  A wretched star (Abyss:1)
  An ice statue (IceCv)
  A sixfirhy (Abyss:1)
  A black mamba (Lair:2)
  9 spiny frogs
  2 ravens (Lair:4)
  7 komodo dragons
  18 polar bears
  3 trolls
  16 blink frogs
  Prince Ribbit (Lair:1)
  4 basilisks
  A grizzly bear (Lair:3)
  3 sharks
  A spriggan (D:7)
  35 yaks
  2 hippogriffs
  A neqoxec (Abyss:1)
  2 hungry ghosts
  Edmund (D:7)
  21 wolves
  11 ice beasts
  4 water moccasins
  8 porcupines
  2 orc warriors (D:9)
  2 centaurs
  A phantom (D:9)
  2 sky beasts
  A giant goldfish (Lair:3)
  3 yellow wasps
  2 black bears
  4 ogres
  A small abomination (Abyss:1)
  11 giant frogs
  5 giant slugs
  A gnoll sergeant (D:6)
  5 crocodiles
  A hippogriff zombie (D:10)
  4 scorpions
  The ghost of hurdos the Poker, a weakling MfBe of Trog (D:3)
  A hippogriff skeleton (D:6)
  A jelly (D:7)
  6 crimson imps
  2 goliath beetles
  3 orc priests
  6 hounds
  A big fish (Lair:3)
  A quasit (Abyss:1)
  6 iguanas
  2 orc wizards
  3 worker ants
  Natasha (thrice) (D:6)
  A killer bee zombie (D:7)
  Ijyb (D:2)
  15 sheep
  A hound zombie (D:6)
  A worker ant zombie (D:9)
  9 gnolls
  15 adders
  A giant mite (D:3)
  39 green rats
  2 inept feature mimics
  3 shadow imps
  5 worms
  7 giant geckos
  35 orcs
  A bat skeleton (D:6)
  2 giant cockroaches
  24 hobgoblins
  26 jackals
  21 kobolds
  3 ball pythons
  25 bats
  8 giant newts
  2 giant spores (D:9)
  18 goblins
  8 quokkas
  26 rats
  A rat skeleton (D:3)
  A spectral orc (D:5)
  10 ballistomycetes (D:9)
549 creatures vanquished.

Vanquished Creatures (collateral kills)
  A frost giant (IceCv)
  Gastronok (D:11)
  Fannar (Lair:1)
  Erica (Lair:3)
  A hill giant (D:10)
  The ghost of hurdos the Ruffian, an experienced TrTm of Cheibriados (D:7)
  A gargoyle (D:9)
  A two-headed ogre (D:9)
  A troll (D:10)
  A basilisk (D:9)
  2 wolves (Lair:2)
  An ogre (D:6)
  2 crocodiles
  A hippogriff zombie (D:9)
  2 orc priests (D:9)
  A green rat (D:9)
  3 orcs (D:9)
  2 quokkas
  A kobold (D:6)
  2 rats
27 creatures vanquished.

Vanquished Creatures (others)
  An iron troll (IceCv)
  A deep troll (D:9)
  An ogre (IceCv)
  3 plants (D:9)
6 creatures vanquished.

Grand Total: 582 creatures vanquished

Notes
Turn   | Place    | Note
--------------------------------------------------------------
     0 | D:1      | DaftWullie, the Minotaur Berserker, began the quest for the Orb.
     0 | D:1      | Reached XP level 1. HP: 19/19 MP: 1/1
   129 | D:1      | Reached skill level 4 in Maces & Flails
   188 | D:1      | Reached XP level 2. HP: 16/26 MP: 1/1
   452 | D:1      | Reached skill level 5 in Maces & Flails
   668 | D:1      | Reached XP level 3. HP: 23/31 MP: 2/2
   670 | D:1      | Acquired Trog's second power
  1351 | D:2      | Found a shattered altar of Ashenzari.
  1416 | D:2      | Noticed Ijyb
  1425 | D:2      | Killed Ijyb
  1425 | D:2      | Reached skill level 6 in Maces & Flails
  1425 | D:2      | Reached XP level 4. HP: 37/39 MP: 2/2
  1645 | D:3      | Noticed hurdos' ghost (weakling MfBe)
  1652 | D:3      | Killed hurdos' ghost
  1652 | D:3      | Reached skill level 1 in Stealth
  1652 | D:3      | Reached XP level 5. HP: 45/45 MP: 2/2
  1915 | D:3      | Reached skill level 7 in Maces & Flails
  2199 | D:3      | Acquired Trog's third power
  2260 | D:3      | Found a glowing silver altar of Zin.
  2265 | D:3      | Reached XP level 6. HP: 48/51 MP: 3/3
  2420 | D:4      | Reached skill level 8 in Maces & Flails
  3062 | D:5      | Entered Level 5 of the Dungeon
  3300 | D:5      | Found a shimmering altar of Xom.
  3329 | D:5      | Reached skill level 9 in Maces & Flails
  3398 | D:5      | Reached XP level 7. HP: 57/57 MP: 3/3
  3590 | D:5      | Found a basalt altar of Yredelemnul.
  3692 | D:6      | Reached skill level 10 in Maces & Flails
  4016 | D:6      | Reached XP level 8. HP: 42/64 MP: 3/3
  4040 | D:6      | Noticed Natasha
  4048 | D:6      | Killed Natasha
  4048 | D:6      | Reached skill level 11 in Maces & Flails
  4080 | D:6      | Noticed Natasha
  4086 | D:6      | Killed Natasha
  4416 | D:6      | Noticed Natasha
  4425 | D:6      | Killed Natasha
  4496 | D:6      | Reached skill level 12 in Maces & Flails
  4799 | D:7      | Noticed Edmund
  4809 | D:7      | Killed Edmund
  4814 | D:7      | Received a gift from Trog
  5019 | D:7      | Found a staircase to the Ecumenical Temple.
  5075 | D:7      | Found a radiant altar of Vehumet.
  5075 | D:7      | Found a deep blue altar of Sif Muna.
  5076 | D:7      | Found a shimmering altar of Xom.
  5076 | D:7      | Noticed hurdos' ghost (experienced TrTm)
  5213 | D:7      | Found a blossoming altar of Fedhas.
  5214 | D:7      | Found a burning altar of Makhleb.
  5238 | D:7      | Killed hurdos' ghost
  5238 | D:7      | Reached skill level 5 in Armour
  5238 | D:7      | Reached XP level 9. HP: 73/73 MP: 1/4
  5362 | D:7      | Reached skill level 5 in Fighting
  5823 | D:8      | Reached skill level 5 in Dodging
  6086 | D:9      | Noticed a gargoyle
  6120 | D:9      | Reached skill level 1 in Evocations
  6125 | D:9      | Reached XP level 10. HP: 71/86 MP: 2/6
  6164 | D:9      | Received a gift from Trog
  6188 | D:9      | Killed a gargoyle
  6238 | D:9      | Found a staircase to the Lair.
  6292 | Lair:1   | Entered Level 1 of the Lair of Beasts
  6968 | D:9      | Reached skill level 10 in Armour
  7180 | D:10     | Entered Level 10 of the Dungeon
  7267 | D:10     | Reached XP level 11. HP: 83/97 MP: 3/10
  7336 | D:10     | Noticed a hill giant
  7353 | D:10     | Killed a hill giant
  7626 | D:10     | Received a gift from Trog
  7876 | D:10     | Reached skill level 10 in Fighting
  7988 | D:11     | Noticed Gastronok
  8022 | D:11     | Killed Gastronok
  8134 | D:11     | Found a frozen archway.
  8193 | IceCv    | Entered an ice cave
  8669 | IceCv    | Noticed a death yak
  8694 | IceCv    | Killed a death yak
  8802 | IceCv    | Reached XP level 12. HP: 109/112 MP: 3/11
  8887 | IceCv    | Noticed an ice statue
  8902 | IceCv    | Killed an ice statue
  8902 | IceCv    | Reached skill level 13 in Armour
  9045 | IceCv    | Received a gift from Trog
  9165 | IceCv    | Noticed a frost giant
  9193 | IceCv    | Killed a frost giant
  9961 | D:11     | Noticed Nessos
 10149 | Lair:1   | Noticed Fannar
 10158 | Lair:1   | Killed Fannar
 10380 | Lair:1   | Noticed Prince Ribbit
 10543 | Lair:1   | Killed Prince Ribbit
 10965 | Lair:2   | Reached skill level 14 in Armour
 11190 | Lair:2   | Noticed a black mamba
 11205 | Lair:2   | Killed a black mamba
 12483 | Lair:3   | Found a staircase to the Shoals.
 13088 | Lair:3   | Reached XP level 13. HP: 112/123 MP: 12/12
 13110 | Lair:3   | Received a gift from Trog
 13575 | Lair:3   | Noticed Erica
 13584 | Lair:3   | Killed Erica
 13584 | Lair:3   | Reached skill level 15 in Armour
 14164 | Lair:4   | Got a pitted buckler
 15310 | Lair:5   | Received a gift from Trog
 15621 | Lair:5   | Identified the cursed -3 buckler "Bieseubb" {+Inv MR+ Dex+2} (You found it on level 4 of the Lair of Beasts)
 15749 | Lair:5   | Reached skill level 10 in Dodging
 15967 | Lair:5   | Received a gift from Trog
 15970 | Lair:5   | Cast into the Abyss (a distortion unwield)
 16057 | Abyss:1  | Noticed a tentacled starspawn
 16200 | Abyss:1  | Slain by a sun demon

Action                   |  1- 3 |  4- 6 |  7- 9 | 10-12 | 13-15 || total
-------------------------+-------+-------+-------+-------+-------++-------
Melee: Mace              |   111 |   112 |   203 |   329 |   334 ||  1089
       Flail             |       |    86 |       |       |       ||    86
       Great mace        |       |       |    91 |   444 |    76 ||   611
       Demon whip        |       |       |       |       |     7 ||     7
Throw: Dart              |       |     2 |     6 |    54 |       ||    62
Invok: Berserk           |     1 |     2 |     7 |    11 |     3 ||    24
       Trog's Hand       |       |     2 |     6 |     7 |     4 ||    19
       Brothers in Arms  |       |       |     3 |     8 |     1 ||    12
       Burn Spellbooks   |       |       |       |     3 |     2 ||     5
Evoke: Wand              |       |       |     8 |     6 |       ||    14
  Use: Scroll            |       |       |       |    12 |     2 ||    14
       Potion            |       |       |       |     3 |       ||     3
 Stab: Sleeping          |     3 |       |       |       |       ||     3
       Fleeing           |       |       |       |     1 |       ||     1
